 Dungeon Sprint DCSS version 0.31-a0-854-g362426d53f (webtiles) character file.

Game seed: 15260927666266657747

132 rocky1 the Geomancer (level 8, -9/78 HPs)
             Began as a Naga Earth Elementalist on Oct 9, 2023.
             Was the Champion of Cheibriados.
             Mangled by a jumping spider (17 damage)
             ... in the Dungeon (Sprint VI: "Thunderdome").
             The game lasted 00:04:36 (232 turns).

rocky1 the Geomancer (Naga Earth Elementalist)       Turns: 232, Time: 00:04:36

Health: -9/78      AC:  3    Str: 26    XL:     8   Next: 43%
Magic:  16/20      EV:  6    Int: 34    God:    Cheibriados [******]
Gold:   265        SH:  0    Dex: 23    Spells: 12/24 levels left

rFire   . . .        l - +0 hand axe
rCold   . . .        (no shield)
rNeg    + + .        a - +0 robe
rPois   +            (no helmet)
rElec   .            (no cloak)
rCorr   +            (no gloves)
SInv    +            (no barding)
Will    +....        o - amulet "Kedof" {Acrobat rN++ rCorr Dex-4 Stlth+}
Stlth   +++++        n - ring "Wuecw" {rPois Int+2}
HPRegen 0.33/turn    (no ring)
MPRegen 0.17/turn

%: no teleportation, acrobat
@: held, very slow
A: AC +2, large, see invisible, deformed body, poison resistance, slowness 2,
spit poison 1, naga tail 1
a: Spit Poison, Renounce Religion, Bend Time, Temporal Distortion, Slouch, Step
From Time


You were in the Dungeon.
You worshipped Cheibriados.
Cheibriados was exalted by your worship.
You visited 1 branch You collected 400 gold pieces.
You spent 135 gold pieces at shops.

Inventory:

Hand Weapons
 l - a +0 hand axe (weapon)
Missiles
 j - 3 curare-tipped darts
Armour
 a - a +0 robe (worn)
Jewellery
 m - the ring of Jealousy {rN+++ Will++ EV+5 Int-5 Dex-5}
   (You bought it in a shop in the Dungeon)

   [ring of evasion]

   EV+5:      It affects your evasion (+5).
   Int-5:     It affects your intelligence (-5).
   Dex-5:     It affects your dexterity (-5).
   rN+++:     It renders you almost immune to negative energy.
   Will++:    It greatly increases your willpower.
 n - the ring "Wuecw" (left hand) {rPois Int+2}
   (You bought it in a shop in the Dungeon)

   [ring of poison resistance]

   Int+2:     It affects your intelligence (+2).
   rPois:     It protects you from poison
 o - the amulet "Kedof" (around neck) {Acrobat rN++ rCorr Dex-4 Stlth+}
   (You bought it in a shop in the Dungeon)

   [amulet of the acrobat]

   Acrobat:   It increases your evasion while moving and waiting.
   Dex-4:     It affects your dexterity (-4).
   rN++:      It greatly protects you from negative energy.
   rCorr:     It protects you from acid and corrosion.
   Stlth+:    It makes you more stealthy.
Wands
 i - a wand of acid (1)
Scrolls
 g - 4 scrolls of blinking
 k - 3 scrolls of fog
Potions
 b - 2 potions of magic
 c - a potion of curing
 d - 3 potions of heal wounds
 e - 4 potions of haste
 f - a potion of berserk rage
 h - a potion of resistance


   Skills:
 * Level 6.9 Fighting
 + Level 1.3 Axes
 + Level 4.3 Dodging
 + Level 6.7 Stealth
 + Level 8.8 Spellcasting
 + Level 1.1 Transmutations
 + Level 10.3 Earth Magic
 * Level 7.3 Invocations
 + Level 2.9 Evocations


You had 12 spell levels left.
You knew the following spells:

 Your Spells              Type           Power      Damage    Failure   Level
a - Sandblast             Erth           100%       2d20      1%          1
b - Stone Arrow           Conj/Erth      100%       3d13      1%          3
c - Petrify               Tmut/Erth      53%        N/A       2%          4
d - Brom's Barrelling Bo  Conj/Erth      50%        2d7       3%          4

Your spell library contained the following spells:

 Spells                   Type           Power      Damage    Failure   Level
 Passwall                 Tmut/Erth      44%        N/A       1%          2


Dungeon Overview and Level Annotations

Branches:
Dungeon (1/1)

Altars:
Cheibriados
Dithmenos
Fedhas
Gozag
Kikubaaqudgha
Makhleb
Okawaru
Qazlal
Ru
Sif Muna
Trog
Uskayaw
Vehumet
Wu Jian
Xom
Yredelemnul
Zin
The Shining One
Lugonu

Shops:
D *[=??*?*:[((!!!!


Innate Abilities, Weirdness & Mutations

Your serpentine skin is tough. (AC +2)
You have supernaturally acute eyesight. (SInv)
Armour fits poorly on your strangely shaped body.
Your system is resistant to poisons. (rPois)
You cover ground very slowly.
You can spit poison.
You have a snake-like lower body.


Message History

Press: ? - help, Q - select action, (/) - cycle Shift-Dir - straight line, f - redback
Aim: a redback (82% to hit)
The blast of sand hits the redback!!
The redback is almost dead.
The jumping spider's many legs skitter faintly.
The redback bites you but does no damage.
The redback bites you!
Aiming: Sandblast (safe; 1% risk of failure)
Press: ? - help, Q - select action, (/) - cycle Shift-Dir - straight line, f/p - redback
Aim: a redback (almost dead, 82% to hit)
The blast of sand hits the redback!!
You kill the redback!
Cheibriados thoroughly appreciates the change of pace.
Aiming: Sandblast (safe; 1% risk of failure)
Press: ? - help, Q - select action, (/) - cycle Shift-Dir - straight line, f - jumping spider
Aim: a jumping spider (82% to hit)
The blast of sand hits the jumping spider!
The jumping spider is heavily wounded.
The jumping spider leaps!
The jumping spider misses you. The jumping spider bites you.
Aiming: Sandblast (safe; 1% risk of failure)
Press: ? - help, Q - select action, (/) - cycle Shift-Dir - straight line, f/p - jumping spider
Aim: a jumping spider (heavily wounded, 82% to hit)
The blast of sand hits the jumping spider!
The jumping spider is severely wounded.
The jumping spider pounces on you. The jumping spider bites you.
The jumping spider pounces on you!
You are caught in a web!
The jumping spider bites you.
* * * LOW HITPOINT WARNING * * *
Aiming: Sandblast (safe; 1% risk of failure)
Press: ? - help, Q - select action, (/) - cycle Shift-Dir - straight line, f/p - jumping spider
Aim: a jumping spider (severely wounded, 82% to hit)
The blast of sand hits the jumping spider.
The jumping spider is almost dead.
The jumping spider pounces on you!
* * * LOW HITPOINT WARNING * * *
The jumping spider bites you!
* * * LOW HITPOINT WARNING * * *
The jumping spider pounces on you!
You die...

#_........# #_......._#
#_......._# ###.........###
#⌠....÷...÷..⌠#
######.8.........8.#####
##∩___......###..)...___∩
###∩.......†8.# #.8))......
##.........@..†###...[[.....
#⌠........s.###...###)......
#⌠..........# #.<.# #.......
#⌠..........###...###)......
##.............###..........
###∩........8.# #.8........
##∩___......###......___∩
######.8.........8.#####
#⌠...........⌠#


You could see a jumping spider.

Vanquished Creatures
  Sonja (D)
  A kobold demonologist (D)
  A redback (D)
  A kobold brigand (D)
  3 scorpions (D)
  An adder zombie (D)
  3 orcs (D)
  2 bat skeletons (D)
  A hobgoblin (D)
  A giant cockroach zombie (D)
  3 kobolds (D)
  A quokka skeleton (D)
19 creatures vanquished.

Notes
Turn   | Place    | Note
-------+----------+-------------------------------------------
     0 | D        | rocky1 the Naga Earth Elementalist began the quest for the
                  | Orb.
     0 | D        | Reached XP level 1. HP: 15/15 MP: 3/3
     3 | D        | Found a sacrificial altar of Ru.
     4 | D        | Found a blossoming altar of Fedhas.
     4 | D        | Round 1.
     5 | D        | Found an ornate altar of the Wu Jian Council.
     5 | D        | Found a stormy altar of Qazlal.
     6 | D        | Found Qahapt's Do-It-Yourself Clinic.
     6 | D        | Found a snail-covered altar of Cheibriados.
     6 | D        | Found a bloodstained altar of Trog.
     6 | D        | Found Tuumm's Distillery.
     7 | D        | Found Qypt's Bottled Wisdom.
     7 | D        | Found Ifoficiwk's Distillery.
    10 | D        | Found a shimmering altar of Xom.
    11 | D        | Found an iron altar of Okawaru.
    13 | D        | Noticed a scorpion
    15 | D        | Became a worshipper of Cheibriados the Contemplative
    18 | D        | Killed a scorpion
    19 | D        | Reached skill level 6 in Earth Magic
    19 | D        | Reached XP level 2. HP: 22/22 MP: 0/6
    19 | D        | Reached XP level 3. HP: 28/28 MP: 0/8
    33 | D        | Reached * piety under Cheibriados
    34 | D        | Reached XP level 4. HP: 7/36 MP: 4/9
    37 | D        | Found Arugefol's Staff Store.
    38 | D        | Found Pipat's Must-Have Magic.
    38 | D        | Found Obol's Magic Scroll Shop.
    39 | D        | Found a shadowy altar of Dithmenos.
    39 | D        | Found a hide-covered altar of Uskayaw.
    39 | D        | Found Buwketil's Magic Scroll Shop.
    43 | D        | Found a corrupted altar of Lugonu.
    44 | D        | Found a burning altar of Makhleb.
    45 | D        | Found an opulent altar of Gozag.
    47 | D        | Found Siabin's Timeless Talismans.
    48 | D        | Found Biep's Jewellery.
    48 | D        | Found Anyvimi's Advanced Armour.
    49 | D        | Found a glowing silver altar of Zin.
    49 | D        | Found a basalt altar of Yredelemnul.
    49 | D        | Found a radiant altar of Vehumet.
    49 | D        | Found Egokock's Identification Station.
    54 | D        | Found an ancient bone altar of Kikubaaqudgha.
    55 | D        | Found a glowing golden altar of the Shining One.
    56 | D        | Found a shimmering blue altar of Sif Muna.
    57 | D        | Found Totzer's Premium Goods.
    57 | D        | Found Feushror's Weapon Rack.
    58 | D        | Found Xuaken's Miscellaneous Merchandise.
    58 | D        | Found Jirase's Basic Armour.
    98 | D        | Reached ** piety under Cheibriados
    98 | D        | Arena points: 12 (+12) [x2]
   116 | D        | Round 2.
   120 | D        | Reached skill level 1 in Fighting
   121 | D        | Reached *** piety under Cheibriados
   123 | D        | Bought a crude amber ring for 45 gold pieces
   123 | D        | Identified the ring of Jealousy {rN+++ Will++ EV+5 Int-5
                  | Dex-5} (You bought it in a shop in the Dungeon)
   123 | D        | Bought a clouded iron ring for 45 gold pieces
   123 | D        | Identified the ring "Wuecw" {rPois Int+2} (You bought it in
                  | a shop in the Dungeon)
   123 | D        | Bought a vibrating pewter amulet for 45 gold pieces
   123 | D        | Identified the amulet "Kedof" {Acrobat rN++ rCorr Dex-4
                  | Stlth+} (You bought it in a shop in the Dungeon)
   132 | D        | Reached **** piety under Cheibriados
   136 | D        | Noticed a necrophage
   147 | D        | Arena points: 48 (+36) [x3]
   154 | D        | Round 3.
   161 | D        | Noticed Sonja
   163 | D        | Noticed a kobold demonologist
   166 | D        | Noticed a soul eater
   168 | D        | Noticed an orange demon
   168 | D        | Killed a kobold demonologist
   168 | D        | Reached ***** piety under Cheibriados
   169 | D        | Reached skill level 5 in Stealth
   169 | D        | Reached skill level 8 in Earth Magic
   169 | D        | Reached skill level 1 in Evocations
   169 | D        | Reached XP level 5. HP: 51/51 MP: 8/13
   169 | D        | Reached XP level 6. HP: 58/58 MP: 9/15
   174 | D        | Killed Sonja
   175 | D        | Reached skill level 1 in Axes
   175 | D        | Reached skill level 9 in Earth Magic
   175 | D        | Reached XP level 7. HP: 69/70 MP: 10/18
   175 | D        | Reached XP level 8. HP: 77/78 MP: 11/20
   175 | D        | Arena points: 132 (+84) [x4]
   176 | D        | Reached skill level 10 in Earth Magic
   191 | D        | Learned a level 3 spell: Stone Arrow
   196 | D        | Learned a level 4 spell: Petrify
   198 | D        | Round 4.
   201 | D        | Learned a level 4 spell: Brom's Barrelling Boulder
   212 | D        | Noticed a jumping spider
   217 | D        | Reached ****** piety under Cheibriados
   223 | D        | Noticed a jumping spider
   232 | D        | Mangled by a jumping spider

Illustrated notes

Levels and vault maps discovered:
D:        arena_sprint

Skill      XL: |  1  2  3  4  5  6  7  8 |
---------------+-------------------------+-----
Dodging        | 2 3 4 |  4.3
Stealth        | 4 5 6 |  6.7
Spellcasting   | 3 6 8 |  8.8
Earth Magic    | 6 8 9 10 | 10.3
Fighting       | 4 6 |  6.9
Invocations    | 4 6 7 |  7.3
Evocations     | 1 2 |  2.9
Axes           | 1 |  1.3
Transmutations | |  1.1

Action                     |  1- 3 |  4- 6 |  7- 9 || total
---------------------------+-------+-------+-------++-------
  Melee: Hand axe          |       |     5 |       ||     5
   Cast: Sandblast         |     9 |    10 |     8 ||    27
Ability: Spit Poison       |       |       |     1 ||     1
  Evoke: Wand              |       |     9 |       ||     9
    Use: Potion            |     1 |     1 |       ||     2
 Armour: Robe              |     5 |     3 |    11 ||    19
  Dodge: Dodged            |     2 |     5 |     2 ||     9

Table legend: (Time is in decaauts)
 A = Elapsed time spent in this place.
 B = Non-inter-level travel time spent in this place.
 C = Inter-level travel time spent in this place.
 D = Time resting spent in this place.
 E = Time spent auto-exploring this place.
 F = Levels seen in this place.
 G = Mean time per level.
                   A        B        C        D        E       F      G
               +--------+--------+--------+--------+--------+-----+--------+
         Total |    414 |    414 |      0 |      9 |      0 |   1 |  414.0 |
       Dungeon |    414 |    414 |      0 |      9 |      0 |   1 |  414.0 |
               +--------+--------+--------+--------+--------+-----+--------+

Top non-repeatable levels by time:
       D: 414 daAuts
